 Dungeon Crawl Stone Soup version 0.27-a0-1332-g84bddb5ca7 (webtiles) character file.

Game seed: 12619456671540800954

2 sanka the Magician (level 1, 0/15 HPs)
             Began as a Djinni Summoner on June 25, 2021.
             Hit by a stone thrown by a kobold (1 damage)
             ... on level 1 of the Dungeon.
             The game lasted 00:00:44 (301 turns).

sanka the Magician (Djinni Summoner)                 Turns: 301, Time: 00:00:45

Health: 0/15       AC:  6    Str:  7    XL:     1   Next: 44%
Gold:   22         EV: 12    Int: 16    God:
                   SH:  0    Dex: 13

rFire    + + .     SeeInvis .   c - +0 club
rCold    x . .     Faith    .   (no shield)
rNeg     . . .     Spirit   .   a - +0 robe
rPois    ∞         Reflect  .   (no helmet)
rElec    .         Harm     .   (no cloak)
rCorr    .         Rampage  .   (no gloves)
Will     .....                  (boots unavailable)
Stlth    ++........             (no amulet)
HPRegen  0.05/turn              b - +4 ring of protection
MPRegen  0.00/turn              (no ring)

@: flying
A: sickness immunity, fire resistance 2, cold vulnerability 1, float, innate
caster, hp casting, extra vitality 1
a: no special abilities


You were on level 1 of the Dungeon.
You visited 1 branch of the dungeon, and saw 1 of its levels.

You collected 22 gold pieces.


Innate Abilities, Weirdness & Mutations

You are immune to sickness and miasma.
You are immune to poison.
Your flesh is very heat resistant. (rF++)
You are vulnerable to cold. (rC-)
You float through the air rather than walking.
You learn spells naturally, not from books.
Your magical power is your life essence.
You have superior vitality. (+4 HP)


   Skills:
 - Level 2.1 Dodging
 - Level 1.5 Stealth
 + Level 3.3 Spellcasting


You couldn't memorise any spells.
You knew the following spells:

 Your Spells              Type           Power      Damage    Failure   Level
c - Call Canine Familiar  Summ           13%        N/A       14%         3
v - Summon Ice Beast      Ice/Summ       13%        N/A       41%         4
x - Call Imp              Summ           13%        N/A       7%          2
z - Summon Small Mammal   Summ           52%        N/A       4%          1
X - Summon Lightning Spi  Summ/Air       13%        N/A       41%         4
Z - Summon Guardian Gole  Hex/Summ       13%        N/A       14%         3
Your spell library was empty.

Inventory:

Hand Weapons
 c - a +0 club (weapon)
Armour
 a - a +0 robe (worn)
Jewellery
 b - a +4 ring of protection (left hand)

Dungeon Overview and Level Annotations

Branches:
Dungeon (1/15)

Altars:

.....).▒....▒.▒
(.......▒...▒.▒
........▒..▒▒.▒
.........▒.▒▒.▒
.▒.......▒....▒
▒........▒.▒▒▒▒
▒.▒[.....▒.▒▒▒▒▒▒▒
..▒......▒.......▒
.<.▒.....▒..▒▒▒▒R▒▒▒.▒▒▒
.........▒.†b.K.........
(.......▒....▒▒▒.▒▒▒.▒▒.
▒.......▒...b.....▒
▒......▒......†.▒.▒
.▒...▒▒...........▒
..▒▒▒........▒▒▒>.▒ ..
..........▒ ..▒ ..
..........▒ ..▒


You could see a kobold (ally target) and a friendly bat (summoned).


Message History

You closely miss the kobold.
The kobold is moderately wounded.
Your bat misses the kobold. The kobold hits you with a +0 whip.
* * * LOW HITPOINT WARNING * * *
Your bat misses the kobold.
Your bat closely misses the kobold.
Your bat hits the kobold but does no damage.
Your bat hits the kobold but does no damage.
The kobold throws a stone.
The stone hits you but does no damage.
A bat comes into view.
Your bat misses the kobold.
Your bat hits the kobold but does no damage.
The kobold throws a stone.
The stone closely misses you.
You barely miss the kobold.
The kobold is moderately wounded.
The bat hits you but does no damage. The bat barely misses you.
The kobold barely misses you. The bat closely misses you.
* * * LOW HITPOINT WARNING * * *
The bat misses you. The kobold closely misses you.
Unknown command.
Your bat barely misses the kobold.
The kobold throws a stone.
The stone hits you.
You die...

Action                   || total
-------------------------++-------
Melee: Club              ||    19
       Unarmed           ||    12
 Cast: Summon Small Mamm ||    14
 Stab: Distracted        ||     2
Armor: Robe              ||    12
Dodge: Dodged            ||    26

Levels and vault maps discovered:
D:1:      dpeg_arrival_solitude, layout_loops_cross, st_stairs_4

Notes
Turn   | Place    | Note
-------+----------+-------------------------------------------
     0 | D:1      | sanka the Djinni Summoner began the quest for the Orb.
     0 | D:1      | Reached XP level 1. HP: 15/15 MP: 0/0
   289 | D:1      | HP: 1/15 [kobold (1)]
   301 | D:1      | Hit by a stone thrown by a kobold

Vanquished Creatures (collateral kills)
  A quokka (D:1)
  A frilled lizard (D:1)
  A kobold (D:1)
  A rat (D:1)
4 creatures vanquished.
